 Dungeon Crawl Stone Soup version 0.27.1-34-g3ba077fa99 (webtiles) character file.

Game seed: 3628258030487994380

393 lonewolfV2 the Chopper (level 6, -2/49 (56) HPs)
             Began as a Minotaur Chaos Knight on Jan 7, 2022.
             Was a Plaything of Xom.
             Slain by Duvessa (3 damage)
             ... on level 4 of the Dungeon.
             The game lasted 00:04:54 (2291 turns).

lonewolfV2 the Chopper (Minotaur Chaos Knight)      Turns: 2291, Time: 00:04:57

HP:   -2/49 (56)    AC:  7    Str: 18    XL:     6   Next: 51%
MP:   6/6           EV: 12    Int: 15    God:    Xom [....*.]
Gold: 139           SH:  0    Dex: 10    Spells: 6/6 levels left

rFire    . . .     SeeInvis .   a - +1 hand axe (chaos)
rCold    . . .     Faith    .   (no shield)
rNeg     . . .     Spirit   .   b - +2 leather armour
rPois    .         Reflect  .   (helmet restricted)
rElec    .         Harm     .   (no cloak)
rCorr    .         Rampage  .   (no gloves)
Will     .....                  (no boots)
Stlth    +.........             c - amulet of regeneration
HPRegen  1.16/turn              e - +4 ring of protection
MPRegen  0.10/turn              l - +6 ring of intelligence

@: heavily drained
A: horns 2, retaliatory headbutt, hooves 1, deformed body, sense surroundings 2
a: Renounce Religion


You were on level 4 of the Dungeon.
You worshipped Xom.
You were a beloved toy of Xom.
You visited 1 branch of the dungeon, and saw 4 of its levels.

You collected 139 gold pieces.

Inventory:

Hand Weapons
 a - a +1 hand axe of chaos (weapon)
Armour
 b - a +2 leather armour (worn)
Jewellery
 c - an amulet of regeneration (around neck)
 e - a +4 ring of protection (left hand)
 f - an amulet of reflection
 l - a +6 ring of intelligence (right hand)
Scrolls
 g - a scroll of teleportation
Potions
 d - a potion of attraction
 h - 2 potions of might
 i - a potion of curing
 j - 2 potions of resistance
 k - a potion of mutation {unknown}


   Skills:
 + Level 5.0 Fighting
 + Level 1.2(1.5) Short Blades
 + Level 1.4(1.8) Long Blades
 + Level 5.6(5.9) Axes
 + Level 1.4(4.0) Maces & Flails
 + Level 1.4(4.0) Polearms
 + Level 1.4(2.1) Staves
 + Level 1.7(2.0) Slings
 + Level 1.2 Bows
 + Level 1.2 Crossbows
 + Level 1.1(1.5) Throwing
 + Level 3.3 Armour
 + Level 3.0 Dodging
 + Level 1.5 Stealth
 + Level 2.1 Shields
 + Level 2.3 Unarmed Combat
 + Level 0.6 Spellcasting
 + Level 1.3 Conjurations
 + Level 0.6 Hexes
 + Level 0.7 Summonings
 + Level 0.7 Necromancy
 + Level 0.7 Translocations
 + Level 0.9 Transmutations
 + Level 1.0 Fire Magic
 + Level 0.7 Ice Magic
 + Level 0.7 Air Magic
 + Level 0.9 Earth Magic
 + Level 0.7 Poison Magic
 + Level 1.5 Invocations
 + Level 1.0 Evocations


You had 6 spell levels left.
You didn't know any spells.
Your spell library contained the following spells:

 Spells                   Type           Power      Damage    Failure   Level
 Frozen Ramparts          Ice            4%         1d2       54%         3
 Ice Form                 Ice/Tmut       3%         N/A       91%         4
 Summon Ice Beast         Ice/Summ       2%         N/A       91%         4


Dungeon Overview and Level Annotations

Branches:
Dungeon (4/15)
 Temple: D:4-7

Altars:
Ashenzari
Kikubaaqudgha
Ru
Wu Jian

Annotations:
D:4 Duvessa


Innate Abilities, Weirdness & Mutations

You have a pair of horns on your head.
You reflexively headbutt those who attack you in melee.
You have large cloven feet.
Armour fits poorly on your strangely shaped body.
You passively map the area around you.


Message History

Dowan closely misses you. Duvessa hits you but does no damage.
You feel drained.
You hit Dowan.
Dowan seems to grow stronger.
You kick Dowan.
Dowan is moderately wounded.
You hit Duvessa.
Duvessa seems to grow stronger.
Xom thinks this is hilarious!
Dowan completely misses you. You furiously retaliate!
You headbutt Dowan!
Duvessa hits you with a +2 short sword of draining.
You feel drained.
You slash Dowan!
Dowan seems to speed up.
You kick Dowan, but do no damage. You headbutt Dowan, but do no damage.
Dowan is almost dead.
You hit Duvessa but do no damage. Lightning courses through Duvessa!
Dowan hits you with a +2 dagger of speed.
Dowan casts a spell at you. The puff of frost hits you!
Duvessa closely misses you.
You hit Dowan. Your kick misses Dowan.
Dowan is almost dead.
You hit Duvessa.
Duvessa is poisoned.
Dowan misses you.
Dowan casts a spell at Duvessa.
Duvessa seems to speed up.
Duvessa completely misses you.
You hit Dowan.
You kill Dowan!
Duvessa screams in rage.
Duvessa goes berserk!
You hit Duvessa.
Duvessa hits you with a +2 short sword of draining!
You feel drained.
Your Dodging skill increases to level 3!
Duvessa barely misses you.
Duvessa hits you with a +2 short sword of draining!!
* * * LOW HITPOINT WARNING * * *
You feel drained.
* * * LOW HITPOINT WARNING * * *
You hit Duvessa but do no damage. You kick Duvessa, but do no damage.
Duvessa is heavily wounded.
Duvessa hits you with a +2 short sword of draining!
* * * LOW HITPOINT WARNING * * *
You feel drained.
You die...
Xom thinks this is hilarious!

..####.##### *, , * #.#
#.# ..,, #.####.# ,,...
,* #....#.##
##########.# *
#.......# #..........#
##......####..........#
.#........##.........#*
.#......#............#
##.............@.)..# ,
#..#######....e....#
##.< #.........# , ##
#.........# , *
#.........# * ,
**##.#####.## , * ,
,..# .# , * , , ####
*.# * ,, * ** *


You could see Duvessa (berserk, fast, strong, very poisoned).

Vanquished Creatures
  Dowan (D:4)
  A water moccasin skeleton (D:4)
  2 hounds (D:4)
  A bullfrog skeleton (D:4)
  Jessica (D:2)
  Terence (D:3)
  An orc wizard (D:4)
  4 adders
  A worm (D:3)
  7 orcs
  8 ball pythons
  2 endoplasms
  A giant cockroach (D:3)
  6 goblins
  8 hobgoblins
  9 jackals
  2 quokkas
  A bat (D:1)
  2 frilled lizards (D:3)
  5 kobolds
  3 rats
67 creatures vanquished.

Vanquished Creatures (others)
  2 fungi (D:1)
  A plant (D:1)
3 creatures vanquished.

Grand Total: 70 creatures vanquished

Notes
Turn   | Place    | Note
-------+----------+-------------------------------------------
     0 | D:1      | lonewolfV2 the Minotaur Chaos Knight began the quest for
                  | the Orb.
     0 | D:1      | Reached XP level 1. HP: 19/19 MP: 0/0
   110 | D:1      | XOM: silly message
   130 | D:1      | XOM: divination: detect items
   235 | D:1      | Reached XP level 2. HP: 20/27 MP: 1/1
   328 | D:1      | XOM: potion effect (experience)
   328 | D:1      | Reached skill level 1 in Short Blades
   328 | D:1      | Reached skill level 1 in Long Blades
   328 | D:1      | Reached skill level 1 in Maces & Flails
   328 | D:1      | Reached skill level 1 in Polearms
   328 | D:1      | Reached skill level 1 in Staves
   328 | D:1      | Reached skill level 1 in Slings
   328 | D:1      | Reached skill level 1 in Bows
   328 | D:1      | Reached skill level 1 in Crossbows
   328 | D:1      | Reached skill level 1 in Throwing
   328 | D:1      | Reached skill level 1 in Stealth
   328 | D:1      | Reached skill level 1 in Shields
   328 | D:1      | Reached skill level 1 in Conjurations
   328 | D:1      | Reached skill level 1 in Fire Magic
   328 | D:1      | Reached skill level 1 in Invocations
   328 | D:1      | Reached skill level 1 in Evocations
   328 | D:1      | Reached XP level 3. HP: 29/34 MP: 1/3
   679 | D:1      | Found a faded altar of an unknown god.
  1003 | D:1      | XOM: silly message
  1144 | D:2      | Found a sacrificial altar of Ru.
  1186 | D:2      | Reached XP level 4. HP: 41/41 MP: 4/4
  1186 | D:2      | Noticed Jessica
  1202 | D:2      | Killed Jessica
  1446 | D:3      | Noticed Terence
  1455 | D:3      | Killed Terence
  1493 | D:3      | XOM: give mutation
  1493 | D:3      | Gained mutation: Armour fits poorly on your strangely
                  | shaped body. [Xom's mischief]
  1572 | D:3      | XOM: confuse monster(s)
  1574 | D:3      | Reached skill level 5 in Axes
  1574 | D:3      | Reached XP level 5. HP: 47/47 MP: 5/5
  1693 | D:3      | XOM: god gift: war axe {god gift}
  1777 | D:3      | Found an ornate altar of the Wu Jian Council.
  1951 | D:3      | Found a broken altar of Ashenzari.
  2033 | D:3      | XOM: give mutations
  2033 | D:3      | Gained mutation: You passively map a small area around you.
                  | [Xom's grace]
  2033 | D:3      | Gained mutation: You passively map the area around you.
                  | [Xom's grace]
  2033 | D:3      | Gained mutation: You have large cloven feet. [Xom's grace]
  2098 | D:4      | Reached skill level 5 in Fighting
  2112 | D:4      | Found an ancient bone altar of Kikubaaqudgha.
  2121 | D:4      | XOM: cast spell 'Metabolic Englaciation'
  2188 | D:4      | Reached XP level 6. HP: 53/56 MP: 6/6
  2281 | D:4      | Noticed Duvessa
  2281 | D:4      | Noticed Dowan
  2289 | D:4      | Killed Dowan
  2291 | D:4      | HP: 1/51 [Duvessa (13)]
  2291 | D:4      | Slain by Duvessa

Illustrated notes

Levels and vault maps discovered:
D:1:      dpeg_arrival_simpleton_a, layout_basic,
          shapermc_ecumenical_altar_acropolis
D:2:      layout_rooms, basic_altar, uniq_jessica
D:3:      layout_loops_ring, amcnicky_altar_gilded, overflow_temple_1_default,
          uniq_terence
D:4:      minmay_general_purpose_star, layout_rooms, kiku_gazebo_garden_becter,
          uniq_duvessa

Skill      XL: |  1  2  3  4  5  6 |
---------------+-------------------+-----
Axes           | 4 5 |  5.6
Fighting       | 4 5 |  5.0
Short Blades   | 1 |  1.2
Long Blades    | 1 |  1.4
Maces & Flails | 1 |  1.4
Polearms       | 1 |  1.4
Staves         | 1 |  1.4
Slings         | 1 |  1.7
Bows           | 1 |  1.2
Crossbows      | 1 |  1.2
Throwing       | 1 |  1.1
Armour         | 3 |  3.3
Stealth        | 1 |  1.5
Shields        | 1 2 |  2.1
Unarmed Combat | 2 |  2.3
Conjurations   | 1 |  1.3
Fire Magic     | 1 |  1.0
Invocations    | 1 |  1.5
Evocations     | 1 |  1.0
Dodging        | 2 3 |  3.0
Spellcasting   | |  0.6
Hexes          | |  0.6
Summonings     | |  0.7
Necromancy     | |  0.7
Translocations | |  0.7
Transmutations | |  0.9
Ice Magic      | |  0.7
Air Magic      | |  0.7
Earth Magic    | |  0.9
Poison Magic   | |  0.7

Action                   |  1- 3 |  4- 6 || total
-------------------------+-------+-------++-------
Melee: Hand axe          |    75 |    88 ||   163
       Headbutt          |     7 |     8 ||    15
       Punch             |       |     1 ||     1
       Kick              |       |     9 ||     9
  Use: Scroll            |     5 |     1 ||     6
       Potion            |       |     6 ||     6
 Stab: Paralysed         |       |     4 ||     4
       Confused          |       |     1 ||     1
Armor: Leather armour    |    36 |    35 ||    71
Dodge: Dodged            |    45 |    54 ||    99
Block: Other             |    16 |     6 ||    22
       Reflection        |       |     1 ||     1
